 Dungeon Crawl Stone Soup version 0.18.1-5-g4a78601 (webtiles) character file.

55 GreamJoe the Chiller (level 3, -8/25 HPs)
             Began as a Demonspawn Ice Elementalist on May 9, 2016.
             Killed by miscasting Throw Frost (17 damage)
             ... on level 2 of the Dungeon.
             The game lasted 00:07:55 (1322 turns).

GreamJoe the Chiller (Demonspawn Ice Elementalist)  Turns: 1322, Time: 00:07:55

Health: -8/25      AC:  6    Str:  8    XL:     3   Next: 67%
Magic:  1/15       EV:  9    Int: 17    God:
Gold:   47         SH:  7    Dex: 13    Spells: 2 memorised, 4 levels left

rFire  . . .     SeeInvis .     h - +0 dagger
rCold  . . .     Gourm    .     a - +0 robe
rNeg   . . .     Faith    .     j - +1 shield {reflect}
rPois  .         Spirit   .     d - +2 helmet
rElec  .         Dismiss  .     (no cloak)
rCorr  .         Reflect  +     (no gloves)
SustAt .         Harm     .     (no boots)
MR     .....                    (no amulet)
Stlth  +.........               (no ring)
                                i - ring of magical power

@: contaminated, glowing, not resistant to hostile enchantments, very unstealthy
A: rugged brown scales 1, spiny 1, MP-powered wands
a: no special abilities


You were on level 2 of the Dungeon.
You were not hungry.

You visited 1 branch of the dungeon, and saw 2 of its levels.

You collected 47 gold pieces.

Inventory:

Hand Weapons
 h - a +0 dagger (weapon)
Armour
 a - a +0 robe (worn)
 d - a +2 helmet (worn)
 e - a +0 chain mail
 j - a +1 shield of reflection (worn)
Jewellery
 i - a ring of magical power (left hand)
Scrolls
 g - a scroll of recharging {unknown}
 k - 2 scrolls of identify {unknown}
 o - a scroll of enchant armour {unknown}
Potions
 m - 2 potions of agility {unknown}
 n - a potion of magic {unknown}
Books
 b - a book of Frost

   Spells                             Type                      Level
   a - Freeze                         Ice                          1
   b - Throw Frost                    Conjuration/Ice              2
   c - Ozocubu's Armour               Charms/Ice                   3
   d - Throw Icicle                   Conjuration/Ice              4
   e - Summon Ice Beast               Ice/Summoning                4
 p - a book of Fire

   Spells                             Type                      Level
   a - Ignite Poison                  Fire/Transmutation/Poison    3
   b - Fireball                       Conjuration/Fire             5
   c - Bolt of Fire                   Conjuration/Fire             6
   d - Delayed Fireball               Conjuration/Fire             7
   e - Ring of Flames                 Charms/Fire                  7
Comestibles
 c - a bread ration
 f - 2 fruits
 l - a meat ration


   Skills:
 + Level 0.6 Fighting
 + Level 2.2 Dodging
 + Level 2.2 Stealth
 + Level 0.1 Shields
 + Level 2.5 Spellcasting
 + Level 1.1 Conjurations
 + Level 3.1 Ice Magic


You had 4 spell levels left.
You knew the following spells:

 Your Spells              Type           Power        Failure   Level  Hunger
a - Freeze                Ice            ##..         38%         1    #......
b - Throw Frost           Conj/Ice       #.....       83%         2    ##.....


Dungeon Overview and Level Annotations

Branches:
Dungeon (2/15)

Altars:
Ru


Innate Abilities, Weirdness & Mutations

You are partially covered in rugged brown scales (AC +1, +3% HP).
You are partially covered in sharp spines.
You expend magic power (3 MP) to strengthen your wands.


Message History

Casting: Throw Frost
Confirm with . or Enter, or press ? or * to list all spells.
Aiming: Throw Frost
Press: ? - help, Shift-Dir - straight line, f/p - giant cockroach
Aim: a giant cockroach You miscast Throw Frost.
Your skin tingles.
The giant cockroach closely misses you.
The giant cockroach is struck by your spines.
You kill the giant cockroach!
You now have 47 gold pieces (gained 9).
A worm comes into view.
Sorry, you're not good enough to have a special ability.
Casting: Throw Frost
Confirm with . or Enter, or press ? or * to list all spells.
Aiming: Throw Frost
Press: ? - help, Shift-Dir - straight line, f - worm
Aim: a worm You miscast Throw Frost.
Energy rips through your body!
Ouch! That really hurt!
You die...

###.# #.# ..#.#
#################.# †.#.#
.......#..........# ..#.######
#..............#
##'......#.####..............#
.........+..(...........[>.#.#
.........#...............#.#.####
.........#...............#.#.....
.........#..w...@........#.######
#####....#...............#..
....#.....#....######..
#..##.....#...## .. #.##.###
#..## .. . #..# .. ##+# ..


You could see a worm.

Vanquished Creatures
  2 adders (D:2)
  A giant gecko (D:1)
  2 bats (D:1)
  6 giant cockroaches
  3 goblins (D:1)
  7 hobgoblins
  A quokka (D:2)
  3 giant newts (D:2)
  2 kobolds
  8 rats
35 creatures vanquished.

Notes
Turn   | Place    | Note
--------------------------------------------------------------
     0 | D:1      | GreamJoe the Demonspawn Ice Elementalist began the quest for the Orb.
     0 | D:1      | Reached XP level 1. HP: 13/13 MP: 3/3
   148 | D:1      | Gained mutation: You are partially covered in sharp spines. [demonic ancestry]
   148 | D:1      | Reached XP level 2. HP: 4/19 MP: 3/5
   256 | D:1      | Learned a level 2 spell: Throw Frost
   332 | D:1      | Reached skill level 3 in Ice Magic
  1001 | D:2      | Found a sacrificial altar of Ru.
  1011 | D:2      | Gained mutation: You are partially covered in rugged brown scales (AC +1, +3% HP). [demonic ancestry]
  1011 | D:2      | Reached XP level 3. HP: 19/24 MP: 3/6
  1221 | D:2      | Gained mutation: You expend magic power (3 MP) to strengthen your wands. [mutagenic glow]
  1322 | D:2      | Killed by miscasting Throw Frost

Skill      XL: |  1  2 |
---------------+-------+-----
Dodging        | 2 |  2.2
Ice Magic      | 3 |  3.1
Stealth        | 2 |  2.2
Fighting       | |  0.6
Shields        | |  0.1
Spellcasting   | |  2.5
Conjurations   | |  1.1

Action                   || total
-------------------------++-------
Melee: Unarmed           ||    25
       Dagger            ||    21
 Cast: Freeze            ||     6
       Throw Frost       ||    12
  Eat: Fruit             ||     1
       Bread ration      ||     1
Armor: Robe              ||    15
Dodge: Dodged            ||    26
Block: Shield            ||     8
       Reflection        ||     1
